 Dungeon Crawl Stone Soup version 0.25-a0-834-g55863b0b92 (webtiles) character file.

Game seed: 8156929534354928211, levelgen mode: classic

247 Amnesiac the Cutter (level 5, -6/31 HPs)
             Began as a Deep Elf Fighter on Apr 22, 2020.
             Splashed by a jelly's acid (7 damage)
             ... on level 2 of the Dungeon.
             The game lasted 00:06:21 (2647 turns).

Amnesiac the Cutter (Deep Elf Fighter)              Turns: 2647, Time: 00:06:21

Health: -6/31      AC:  7    Str: 14    XL:     5   Next: 85%
Magic:  7/7        EV:  7    Int: 13    God:
Gold:   152        SH:  8    Dex: 14    Spells: 4/4 levels left

rFire    . . .     SeeInvis .   a - +1 dagger (venom)
rCold    . . .     Gourm    .   c - +0 kite shield
rNeg     . . .     Faith    .   b - +0 scale mail
rPois    .         Spirit   .   (no helmet)
rElec    .         Reflect  .   (no cloak)
rCorr    .         Harm     .   o - +0 pair of gloves
MR       .....                  (no boots)
Stlth    ..........             (no amulet)
HPRegen  0.10/turn              (no ring)
MPRegen  0.10/turn              (no ring)

@: no status effects
A: no striking features
a: no special abilities


You were on level 2 of the Dungeon.
You were hungry.

You visited 1 branch of the dungeon, and saw 4 of its levels.

You collected 152 gold pieces.

Inventory:

Hand Weapons
 a - a +1 dagger of venom (weapon)
Missiles
 n - 52 arrows
Armour
 b - a +0 scale mail (worn)
 c - a +0 kite shield (worn)
 o - a +0 pair of gloves (worn)
Scrolls
 e - a scroll of noise {!r, unknown}
 h - a scroll of fog {!r, unknown}
 i - 2 scrolls of identify {!r, unknown}
 j - a scroll of amnesia {!r, unknown}
 k - a scroll of teleportation {!r, unknown}
 l - 3 scrolls of remove curse {!r, unknown}
 m - a scroll of enchant weapon {!r, unknown}
 s - 3 scrolls of immolation {!r, unknown}
 t - a scroll of random uselessness {!r, unknown}
Potions
 d - a potion of might {!q}
 g - 2 potions of curing {!q}
 p - 2 potions of degeneration {!q, unknown}
 q - a potion of haste {!q, unknown}
 u - 2 potions of invisibility {!q, unknown}
 v - a potion of lignification {!q, unknown}
 w - 2 potions of mutation {!q, unknown}
Comestibles
 f - 5 rations


   Skills:
 - Level 2.4 Fighting
 + Level 5.8 Short Blades
 - Level 2.4 Armour
 - Level 2.4 Dodging
 - Level 2.4 Shields


You had 4 spell levels left.
You didn't know any spells.
Your spell library was empty.

Dungeon Overview and Level Annotations

Branches:
Dungeon (4/15)
 Temple: D:4-7

Altars:
Sif Muna
Xom

Annotations:
D:3 1 runed translucent door, Crazy Yiuf


Message History

The orc warrior shouts!
You hear a shout!
The orc warrior is too close now for your liking.
There are monsters nearby!
There are monsters nearby!
There is a stone staircase leading up here.
You swing at nothing.
The orc warrior hits you with a +0 war axe!
You climb upwards.
There is a stone staircase leading down here.
You hit the orc warrior but do no damage.
The orc warrior is poisoned.
You block the orc warrior's attack.
You hit the orc warrior but do no damage.
The orc warrior looks as sick as possible!
The orc warrior is lightly wounded.
The orc warrior closely misses you.
Your shield and scale mail prevent you from hitting the orc warrior.
The orc warrior is lightly wounded.
You block the orc warrior's attack.
You closely miss the orc warrior.
The orc warrior is moderately wounded.
You hit the orc warrior but do no damage.
The orc warrior looks even sicker.
The orc warrior is heavily wounded.
The orc warrior hits you with a +0 war axe.
You hit the orc warrior.
The orc warrior looks as sick as possible!
The orc warrior is severely wounded.
You block the orc warrior's attack.
The jelly quivers.
You kill the orc warrior!
Your Short Blades skill increases to level 5!
Things that are here:
a +0 war axe; a +0 plate armour You hit the jelly.
The acid corrodes you!
Your hands burn!
* * * LOW HITPOINT WARNING * * *
The jelly is moderately wounded.
The jelly closely misses you.
You see here 23 stones.
You are no longer corroded.
You aren't carrying any items that you can evoke.
You see here 23 stones.
You are feeling hungry.
You swing at nothing.
You hit the jelly.
Your hands burn!
The jelly is heavily wounded.
The jelly hits you.
* * * LOW HITPOINT WARNING * * *
You are splashed with acid!
* * * LOW HITPOINT WARNING * * *
Your shield prevents you from hitting the jelly.
The jelly is heavily wounded.
All of the chunks of flesh in your inventory have rotted away.
The jelly closely misses you.
You see here 23 stones.
You hit the jelly but do no damage.
The jelly is poisoned.
Your hands burn!
* * * LOW HITPOINT WARNING * * *
The jelly is moderately wounded.
You hit the jelly but do no damage.
Your hands burn!
* * * LOW HITPOINT WARNING * * *
The jelly is heavily wounded.
The jelly hits you.
* * * LOW HITPOINT WARNING * * *
You are splashed with acid!
You die...

.# ######.#.##......####.#.### .#
#.#..#...##.####.#.# .#
#####.#.#...###......#.# ##
#.....#.##..###.####.#.# #
#.#####)##......####.#.#
########.#####.##.............###
#................................
..##......####.##.###.#####.#####
.....###.......J@..##.#####.##
####.# #.....................#
#.# #.....................####
#.# #.......>....#.........##.
####># #.#..........#.######..##.
.....# #.#..........#.#...##..##.
###### #.#..........#<...#.#..##.
#<...........#.##.##...#..
###......................#


You could see a jelly.

Vanquished Creatures
  An orc warrior (D:2)
  An orc wizard (D:4)
  4 adders
  A shadow imp (D:3)
  An ooze (D:2)
  2 worms
  3 dart slugs
  A leopard gecko (D:3)
  5 orcs
  2 ball pythons
  3 giant cockroaches
  8 goblins
  4 hobgoblins
  3 jackals (D:3)
  6 kobolds
  5 bats
  8 rats
58 creatures vanquished.

Notes
Turn   | Place    | Note
-------+----------+-------------------------------------------
     0 | D:1      | Amnesiac the Deep Elf Fighter began the quest for the Orb.
     0 | D:1      | Reached XP level 1. HP: 13/13 MP: 3/3
   115 | D:1      | Reached skill level 1 in Dodging
   184 | D:1      | Found an opulent altar of Gozag.
   186 | D:1      | Found a white marble altar of Elyvilon.
   186 | D:1      | Found a burning altar of Makhleb.
   188 | D:1      | Found a shimmering altar of Xom.
   188 | D:1      | Found a shimmering altar of Xom.
   188 | D:1      | Found an iron altar of Okawaru.
   264 | D:1      | Reached XP level 2. HP: 12/18 MP: 4/4
   896 | D:2      | Reached XP level 3. HP: 20/22 MP: 5/5
   900 | D:2      | Reached skill level 3 in Short Blades
  1325 | D:2      | Found a shimmering blue altar of Sif Muna.
  1405 | D:3      | Reached XP level 4. HP: 8/27 MP: 6/6
  1475 | D:3      | HP: 1/27 [dart slug/slug dart (6)]
  1610 | D:3      | Noticed an orc warrior
  1759 | D:3      | Reached skill level 4 in Short Blades
  1811 | D:3      | Found a runed translucent door.
  1812 | D:3      | Noticed Crazy Yiuf
  2310 | D:3      | Reached XP level 5. HP: 24/31 MP: 7/7
  2578 | D:2      | Killed an orc warrior
  2578 | D:2      | Reached skill level 5 in Short Blades
  2647 | D:2      | HP: 1/31 [jelly (3)]
  2647 | D:2      | Splashed by a jelly's acid

Levels and vault maps discovered:
D:1:      minmay_arrival_stair_chambers, layout_rooms, doesnt_xom_only_xom
D:2:      layout_loops_ring, lemuel_blue_sif_altar
D:3:      layout_basic, amethyst_overflow_temple_binary, uniq_crazy_yiuf_cottage
D:4:      layout_loops_ring, nicolae_tso_carved_into_rock, minmay_shop_mayhem

Skill      XL: |  1  2  3  4  5 |
---------------+----------------+-----
Dodging        | 1 2 |  2.4
Short Blades   | 3 4 5 |  5.8
Fighting       | |  2.4
Armour         | |  2.4
Shields        | |  2.4

Action                   |  1- 3 |  4- 6 || total
-------------------------+-------+-------++-------
Melee: Rapier            |    17 |       ||    17
       Dagger            |    95 |    95 ||   190
  Use: Potion            |       |     1 ||     1
  Eat: Chunk             |     2 |     3 ||     5
Armor: Scale mail        |    34 |    33 ||    67
Dodge: Dodged            |    23 |    25 ||    48
Block: Kite shield       |    44 |    24 ||    68

Table legend:
 A = Non-vault XP
 B = Vault XP
 C = Vault XP percentage of total XP
 D = Non-vault monster count
 E = Vault monster count
 F = Vault count percentage of total count
                 A         B        C        D         E       F
            +---------+---------+-------+---------+---------+-------
      Total |     353 |       0 |   0.0 |      58 |       0 |   0.0
            +---------+---------+-------+---------+---------+-------
        D:1 |      22 |       0 |   0.0 |      12 |       0 |   0.0
        D:2 |     193 |       0 |   0.0 |      16 |       0 |   0.0
        D:3 |      86 |       0 |   0.0 |      25 |       0 |   0.0
        D:4 |      52 |       0 |   0.0 |       5 |       0 |   0.0
            +---------+---------+-------+---------+---------+-------
